 Dungeon Crawl Stone Soup version 0.21.1-1-g345015f (webtiles) character file.

592 sweetbreads the Spear-Bearer (level 7, -3/82 HPs)
             Began as a Merfolk Skald on Mar 7, 2018.
             Slain by a sky beast (6 damage)
             ... on level 5 of the Dungeon.
             The game lasted 00:32:10 (5980 turns).

sweetbreads the Spear-Bearer (Merfolk Skald)        Turns: 5980, Time: 00:32:11

Health: -3/82      AC:  4    Str: 16    XL:     7   Next: 39%
Magic:  10/10      EV: 13    Int: 12    God:
Gold:   193        SH:  0    Dex: 16    Spells: 7/10 levels left

rFire    x . .     SeeInvis .   a - +0 trident (pierce)
rCold    + . .     Gourm    .   (no shield)
rNeg     + . .     Faith    .   b - +0 leather armour
rPois    .         Spirit   .   (no helmet)
rElec    .         Reflect  .   (no cloak)
rCorr    .         Harm     .   B - +0 pair of gloves
MR       .....                  (no boots)
Stlth    ..........             (no amulet)
HPRegen  0.23/turn              f - ring of positive energy
MPRegen  0.12/turn              x - ring of ice

@: berserking, very quick
A: change form in water, swift swim, stealthy swim
a: no special abilities


You were on level 5 of the Dungeon.
You were not hungry.

You visited 1 branch of the dungeon, and saw 5 of its levels.

You collected 193 gold pieces.

Inventory:

Hand Weapons
 a - a +0 trident of piercing (weapon)
 j - a +0 spear
 s - a cursed -3 falchion
 t - a +0 trident
 v - a cursed -1 lajatang
 z - a +0 spear
 D - a +2 short sword of speed
 E - a -3 halberd
Armour
 b - a +0 leather armour (worn)
 k - a +0 chain mail
 u - a cursed +0 buckler
 B - a +0 pair of gloves (worn)
Jewellery
 f - a ring of positive energy (left hand)
 l - an uncursed ring of resist corrosion {unknown}
 m - an uncursed ring of positive energy
 x - a ring of ice (right hand)
 C - an uncursed ring of protection from fire {unknown}
 F - an uncursed amulet of rage {unknown}
Wands
 A - a wand of disintegration (8)
Scrolls
 g - a scroll of fog
 y - a scroll of magic mapping
Potions
 e - a potion of brilliance {unknown}
 h - 3 potions of haste {unknown}
 n - a potion of ambrosia {unknown}
 o - 2 potions of berserk rage
 p - 2 potions of lignification {unknown}
 q - a potion of invisibility {unknown}
 r - a potion of mutation {unknown}
Books
 c - a book of Battle

   Spells                             Type                      Level
   a - Infusion                       Charms                       1
   b - Shroud of Golubria             Charms/Translocation         2
   c - Song of Slaying                Charms                       2
   d - Spectral Weapon                Hexes/Charms                 3
   e - Regeneration                   Charms/Necromancy            3
 i - a book of Changes

   Spells                             Type                      Level
   a - Beastly Appendage              Transmutation                1
   b - Sticks to Snakes               Transmutation                2
   c - Spider Form                    Transmutation/Poison         3
   d - Ice Form                       Ice/Transmutation            4
   e - Blade Hands                    Transmutation                5
Comestibles
 d - 3 rations


   Skills:
 + Level 4.8 Fighting
 + Level 8.4 Polearms
 - Level 0.6 Armour
 - Level 2.6 Dodging
 * Level 2.5 Shields
 - Level 2.0 Spellcasting
 - Level 4.0 Charms


You had 7 spell levels left.
You knew the following spells:

 Your Spells              Type           Power        Failure   Level  Hunger
a - Infusion              Chrm           ##..         6%          1    ##.....
b - Shroud of Golubria    Chrm/Tloc      #.........   22%         2    ###....


Dungeon Overview and Level Annotations

Branches:
Dungeon (5/15)
 Temple: D:4-7

Altars:

Annotations:
D:4 Pikel; SteelSafe's ghost, amateur GnMo
D:5 ChromeMolly's ghost, novice OpFi


Message History

You puncture the orc!
You kill the orc!
The sky beast flickers out of sight!
Deactivating autopickup; reactivate with Ctrl-A.
Something hits you.
* * * LOW HITPOINT WARNING * * *
Something shocks you.
* * * LOW HITPOINT WARNING * * *
You hit something. Something hits you but does no damage.
A red film seems to cover your vision as you go berserk!
You feel yourself moving faster!
You feel mighty! Something hits you.
* * * LOW HITPOINT WARNING * * *
Something shocks you.
* * * LOW HITPOINT WARNING * * *
Unknown command.
You miss something. You miss something. Something hits you.
* * * LOW HITPOINT WARNING * * *
Something shocks you.
You die...

########
##(.....##
##....>...##
#..........#
#..........#
#.....{....#
#......@...#
##
#......)<..#
..
##........##
#.#.##..
#........#
..#.#..#
#..........
# ...#
#..........#
# #..#
#..........#
# ..#
#..........#
##..#


There were no monsters in sight!

Vanquished Creatures
  The ghost of CHODE the Twirler, an amateur DsGl (D:3)
  An orc priest (D:4)
  A hound (D:4)
  5 orc wizards
  Ijyb (D:3)
  A worker ant (D:4)
  An iguana (D:4)
  6 gnolls
  5 adders
  3 oozes
  An adder skeleton (D:4)
  2 worms
  3 dart slugs (D:2)
  3 leopard geckos
  14 orcs
  5 giant cockroaches
  4 hobgoblins
  8 jackals
  14 kobolds
  5 bats
  6 frilled lizards
  10 goblins
  A quokka skeleton (D:4)
  5 rats
106 creatures vanquished.

Vanquished Creatures (others)
  A leopard gecko (D:3)
  2 plants (D:3)
3 creatures vanquished.

Grand Total: 109 creatures vanquished

Notes
Turn   | Place    | Note
-------+----------+-------------------------------------------
     0 | D:1      | sweetbreads the Merfolk Skald began the quest for the Orb.
     0 | D:1      | Reached XP level 1. HP: 16/16 MP: 3/3
   462 | D:1      | Reached XP level 2. HP: 18/23 MP: 5/5
  1009 | D:1      | Reached skill level 4 in Polearms
  1233 | D:2      | Reached XP level 3. HP: 29/29 MP: 6/6
  1461 | D:2      | Learned a level 2 spell: Shroud of Golubria
  2008 | D:3      | Reached skill level 5 in Polearms
  2008 | D:3      | Reached XP level 4. HP: 35/35 MP: 7/7
  2040 | D:3      | Noticed Ijyb
  2067 | D:3      | Killed Ijyb
  2274 | D:3      | Noticed CHODE's ghost (amateur DsGl)
  2710 | D:3      | Reached XP level 5. HP: 37/41 MP: 8/8
  2790 | D:3      | Reached skill level 6 in Polearms
  3040 | D:3      | Reached skill level 1 in Shields
  3409 | D:2      | Reached XP level 6. HP: 5/48 MP: 9/9
  3895 | D:4      | Reached skill level 7 in Polearms
  4121 | D:4      | Noticed SteelSafe's ghost (amateur GnMo)
  4669 | D:4      | Noticed Pikel
  4670 | D:4      | Noticed a slave
  4675 | D:4      | Noticed a slave
  4676 | D:4      | Noticed a slave
  4679 | D:4      | Noticed a slave
  5487 | D:4      | Reached XP level 7. HP: 28/55 MP: 10/10
  5500 | D:4      | Reached skill level 8 in Polearms
  5706 | D:3      | Killed CHODE's ghost
  5854 | D:5      | Entered Level 5 of the Dungeon
  5869 | D:5      | Noticed ChromeMolly's ghost (novice OpFi)
  5980 | D:5      | HP: 3/82 [something (3)]
  5980 | D:5      | Slain by a sky beast

Skill      XL: |  1  2  3  4  5  6  7 |
---------------+----------------------+-----
Polearms       | 4 5 6 7 8 |  8.4
Fighting       | 3 4 |  4.8
Shields        | 1 2 |  2.5
Charms         | 4 |  4.0
Armour         | |  0.6
Dodging        | |  2.6
Spellcasting   | |  2.0

Action                   |  1- 3 |  4- 6 |  7- 9 || total
-------------------------+-------+-------+-------++-------
Melee: Spear             |   116 |    18 |       ||   134
       Trident           |       |   269 |    28 ||   297
 Cast: Infusion          |     3 |     7 |     3 ||    13
       Shroud of Golubri |       |     1 |       ||     1
Evoke: Wand              |       |     2 |       ||     2
  Use: Scroll            |       |     7 |       ||     7
       Potion            |       |       |     1 ||     1
 Stab: Sleeping          |     1 |     1 |       ||     2
       Distracted        |       |     2 |       ||     2
  Eat: Chunk             |     3 |     9 |     1 ||    13
       Ration            |       |     1 |       ||     1
Armor: Leather armour    |     9 |    42 |     3 ||    54
       Chain mail        |       |     2 |       ||     2
Dodge: Dodged            |    31 |   129 |     9 ||   169
